 Dungeon Crawl Stone Soup version 0.23.2-40-g277498a001 (webtiles) character file.

Game seed: 9787556328937237103

16511 DenSaoPin the Nimble (level 12, -2/87 HPs)
             Began as a Demonspawn Skald on Oct 8, 2019.
             Was an Initiate of Gozag.
             Slain by a catoblepas (5 damage)
             ... while petrified by you
             ... on level 11 of the Dungeon on Oct 9, 2019.
             The game lasted 01:28:52 (14184 turns).

DenSaoPin the Nimble (Demonspawn Skald)            Turns: 14184, Time: 01:28:53

Health: -2/87      AC: 15    Str: 15    XL:     12   Next: 10%
Magic:  25/28      EV:  2    Int: 16    God:    Gozag
Gold:   1688       SH:  0    Dex: 12    Spells: 5/21 levels left

rFire    . . .     SeeInvis .   n - +0 great sword
rCold    . . .     Gourm    .   (shield currently unavailable)
rNeg     + + +     Faith    .   C - +3 leather armour
rPois    ∞         Spirit   .   (helmet unavailable)
rElec    .         Reflect  .   l - +0 cloak
rCorr    .         Harm     .   s - +0 pair of gloves
MR       .....     Rnd*Rage +   (no boots)
Stlth    +.........             f - amulet of regeneration
HPRegen  0.64/turn              r - +3 ring of strength
MPRegen  0.21/turn              I - ring of magical power (curse)

@: petrified, singing, gold aura, sanguine armour
A: horns 3, berserk 1, blink, clumsy 1, powered by death 2, spiny 1, weak 1,
evolution 1, sanguine armour 1
a: Blink, Potion Petition, Call Merchant, Bribe Branch, Renounce Religion


You were on level 11 of the Dungeon.
You worshipped Gozag.
Gozag was most pleased with you.
You were not hungry.

You visited 2 branches of the dungeon, and saw 13 of its levels.

You collected 2139 gold pieces.
You spent 405 gold pieces at shops.
You paid 46 gold pieces to Gozag.

Inventory:

Hand Weapons
 a - a +0 falchion
 n - a +0 great sword (weapon)
 y - a +0 club
 z - a +2 flail of protection
 P - a +0 battleaxe
Armour
 b - a +0 leather armour
 k - a +0 animal skin
 l - a +0 cloak (worn)
 s - a +0 pair of gloves (worn)
 v - a +1 scale mail of fire resistance
 C - a +3 leather armour (worn)
 K - a +1 plate armour of magic resistance
 T - the +2 ring mail of Amelioration {rElec rC+ MR+ Int+3}
   (You found it on level 8 of the Dungeon)

   It affects your intelligence (+3).
   It protects you from cold.
   It insulates you from electricity.
   It affects your resistance to hostile enchantments.
 V - a +3 ring mail of fire resistance
Jewellery
 f - an amulet of regeneration (around neck)
 r - a +3 ring of strength (left hand)
 I - a cursed ring of magical power (right hand)
 L - an uncursed ring of flight
 N - a cursed amulet of inaccuracy {unknown}
 Q - an uncursed ring of protection from cold {unknown}
 X - an uncursed ring of stealth {unknown}
Wands
 H - a wand of flame (28)
 W - a wand of random effects (16)
 Y - a wand of iceblast (16)
 Z - a wand of acid (6)
Scrolls
 c - 2 scrolls of fear
 j - 7 scrolls of remove curse {unknown}
 m - 14 scrolls of identify {unknown}
 o - 4 scrolls of blinking {unknown}
 t - 4 scrolls of enchant weapon {unknown}
 u - 5 scrolls of teleportation {unknown}
 x - 3 scrolls of immolation {unknown}
 F - 3 scrolls of noise {unknown}
 G - 2 scrolls of fog {unknown}
 J - a scroll of random uselessness {unknown}
 O - a scroll of amnesia {unknown}
 R - a scroll of vulnerability {unknown}
 S - a scroll of acquirement {unknown}
 U - a scroll of magic mapping {unknown}
Potions
 e - a potion of might
 g - 2 potions of mutation
 h - 2 potions of heal wounds
 i - a potion of invisibility {unknown}
 p - a potion of ambrosia
 q - 5 potions of agility
 w - 5 potions of brilliance
 A - 2 potions of curing
 B - a potion of haste
 D - a potion of degeneration
 E - 2 potions of lignification
 M - 2 potions of resistance
Comestibles
 d - 15 rations


   Skills:
 + Level 5.9 Fighting
 + Level 10.1 Long Blades
 - Level 7.0 Armour
 * Level 11.2 Dodging
 - Level 5.3 Spellcasting
 - Level 4.7 Charms


You had 5 spell levels left.
You knew the following spells:

 Your Spells              Type           Power        Failure   Level  Hunger
a - Infusion              Chrm           ###.         2%          1    None
b - Shroud of Golubria    Chrm/Tloc      ##........   10%         2    #......
c - Song of Slaying       Chrm           ###.....     3%          2    #......
d - Ozocubu's Armour      Chrm/Ice       ##......     21%         3    ###....
e - Regeneration          Chrm/Necr      ##........   21%         3    ###....
f - Spectral Weapon       Hex/Chrm       ##......     21%         3    ###....
g - Throw Frost           Conj/Ice       #.....       26%         2    #......

Your spell library contained the following spells:

 Spells                   Type           Power        Failure   Level  Hunger
 Freeze                   Ice            #...         19%         1    None
 Sandblast                Erth           #.....       19%         1    None
 Summon Butterflies       Summ           #.......     19%         1    None
 Summon Small Mammal      Summ           #...         19%         1    None
 Summon Ice Beast         Ice/Summ       #.......     87%         4    ####...
 Throw Icicle             Conj/Ice       #.......     87%         4    ####...
 Summon Demon             Summ           #.........   99%         5    ######.
 Summon Forest            Summ/Tloc      #.........   99%         5    ######.
 Spellforged Servitor     Conj/Summ      #.........   100%        7    #######


Dungeon Overview and Level Annotations

Branches:
Dungeon (12/15)            Temple (0/1) D:6            Lair (0/6) D:9
    Orc (1/2) D:9

Altars:
Ashenzari
Gozag
Hepliaklqana
Makhleb
Nemelex Xobeh
Yredelemnul

Shops:
D:6 }   D:8 !


Innate Abilities, Weirdness & Mutations

You have a pair of large horns on your head.
You regenerate health from kills.
You are partially covered in sharp spines.
When seriously injured, your bleeding wounds create armour. (AC +6)
You tend to lose your temper in combat.
You can translocate small distances at will.
You are clumsy. (Dex -2)
You are weak. (Str -2)
You evolve.


Message History

You are engulfed in calcifying dust.
The catoblepas breathes a plume of calcifying dust at you.
The blast of calcifying dust hits you but does no damage.
The jelly is struck by your spines.
You kill the jelly!
The orc warrior hits you with a +0 dire flail!
* * * LOW HITPOINT WARNING * * *
The catoblepas gores you but does no damage.
The orc warrior is struck by your spines.
The orc warrior hits you with a +0 dire flail!
* * * LOW HITPOINT WARNING * * *
The catoblepas gores you!!
* * * LOW HITPOINT WARNING * * *
The orc warrior hits you with a +0 dire flail!
* * * LOW HITPOINT WARNING * * *
The catoblepas gores you!
* * * LOW HITPOINT WARNING * * *
The catoblepas gores you!
You die...
Your body crumbles into a pile of gold.

######### ##########
#.......# #........#
#..Y.$..# #........#
#...@...# #........#
#...o...# #........#
#.......# #........#
#...(...# #......[.#
#......<####........#
#.......#...........#
#...(...#.##.........
#.......#.##........#
#.......'.#######.###


You could see a catoblepas and an orc warrior.

Vanquished Creatures
  Harold (D:8)
  A two-headed ogre (D:11)
  A centaur warrior (D:12)
  2 tengu warriors
  2 skeletal warriors
  3 unseen horrors
  A cyclops (D:11)
  Joseph (D:10)
  Psyche (D:12)
  2 gargoyles
  A komodo dragon (D:9)
  The ghost of Squonk the Magician, a novice DEVM of Sif Muna (D:7)
  4 hippogriffs
  A spriggan (D:8)
  4 yaks (D:9)
  A wyvern (D:12)
  3 humans (D:8)
  2 hungry ghosts
  Menkaure (D:4)
  Edmund (D:4)
  5 ice beasts
  A phantom (D:3)
  A sky beast (D:8)
  6 orc warriors
  A black bear (D:8)
  12 centaurs
  A crocodile (D:11)
  8 ogres
  2 big kobolds
  7 bullfrogs
  A wyvern zombie (D:11)
  A scorpion (D:8)
  3 killer bees (D:9)
  3 howler monkeys
  4 crimson imps
  6 centaur zombies
  9 hounds
  9 orc priests
  A centaur skeleton (D:8)
  3 jellies
  A bullfrog skeleton (D:11)
  An iguana (D:4)
  14 orc wizards
  12 worker ants
  2 hound skeletons
  A howler monkey zombie (D:5)
  A worker ant zombie (D:7)
  Robin (D:2)
  11 adders
  4 gnolls (D:5)
  6 shadow imps
  2 adder zombies
  An adder skeleton (D:4)
  6 worms
  6 leopard geckos
  49 orcs
  A ball python (D:3)
  6 giant cockroaches
  15 goblins
  9 hobgoblins
  10 jackals
  A quokka (D:9)
  7 bats
  5 frilled lizards
  A jackal skeleton (D:4)
  13 kobolds
  A leopard gecko zombie (D:7)
  6 rats
  A plant (D:9)
312 creatures vanquished.

Vanquished Creatures (others)
  8 plants (D:9)
  6 spectral weapons
14 creatures vanquished.

Grand Total: 326 creatures vanquished

Notes
Turn   | Place    | Note
-------+----------+-------------------------------------------
     0 | D:1      | DenSaoPin the Demonspawn Skald began the quest for the Orb.
     0 | D:1      | Reached XP level 1. HP: 16/16 MP: 3/3
    53 | D:1      | Reached skill level 1 in Armour
   174 | D:1      | Gained mutation: You have a pair of small horns on your
                  | head. [demonic ancestry]
   174 | D:1      | Reached XP level 2. HP: 20/22 MP: 5/5
   181 | D:1      | Reached skill level 2 in Dodging
   926 | D:2      | Noticed Robin
  1187 | D:2      | Gained mutation: You are partially covered in sharp spines.
                  | [demonic ancestry]
  1187 | D:2      | Reached XP level 3. HP: 25/28 MP: 6/6
  1311 | D:2      | Killed Robin
  1756 | D:2      | Reached XP level 4. HP: 34/34 MP: 7/7
  2096 | D:3      | Noticed a phantom
  2099 | D:3      | Killed a phantom
  2099 | D:3      | Reached XP level 5. HP: 35/41 MP: 8/8
  2106 | D:3      | Learned a level 2 spell: Shroud of Golubria
  2109 | D:3      | Learned a level 2 spell: Song of Slaying
  2145 | D:3      | Noticed an ogre
  2149 | D:3      | Killed an ogre
  2164 | D:3      | Found a hazy altar of Hepliaklqana.
  2205 | D:3      | Reached XP level 6. HP: 47/47 MP: 9/9
  2233 | D:3      | You fall through a shaft!
  2279 | D:4      | Reached skill level 3 in Dodging
  2785 | D:4      | Noticed Menkaure
  2789 | D:4      | Killed Menkaure
  2789 | D:4      | Reached XP level 7. HP: 24/53 MP: 10/10
  3263 | D:4      | Noticed Edmund
  3273 | D:4      | Killed Edmund
  3273 | D:4      | Reached skill level 5 in Long Blades
  3881 | D:3      | Found a shattered altar of Ashenzari.
  4214 | D:3      | Found an opulent altar of Gozag.
  4359 | D:3      | Became a worshipper of Gozag Ym Sagoz the Greedy
  4398 | D:5      | Entered Level 5 of the Dungeon
  4638 | D:5      | Gained mutation: You regenerate a little health from kills.
                  | [demonic ancestry]
  4638 | D:5      | Reached XP level 8. HP: 24/60 MP: 12/12
  5449 | D:6      | Found a staircase to the Ecumenical Temple.
  5526 | D:6      | Found Kenekh's Gadget Shop.
  5794 | D:6      | Learned a level 3 spell: Ozocubu's Armour
  5798 | D:6      | Learned a level 3 spell: Regeneration
  6144 | D:7      | Noticed a hippogriff
  6152 | D:7      | Killed a hippogriff
  6180 | D:7      | Identified Hayc's Handbook of the Creative Rocks
  6246 | D:7      | Reached skill level 4 in Dodging
  6309 | D:7      | Found a basalt altar of Yredelemnul.
  6354 | D:7      | Gained mutation: When seriously injured, your bleeding
                  | wounds create armour. (AC +6) [demonic ancestry]
  6354 | D:7      | Reached XP level 9. HP: 56/65 MP: 15/15
  6406 | D:7      | Found a runed translucent gate.
  6406 | D:7      | Found a runed translucent gate.
  6406 | D:7      | Found a runed translucent gate.
  6412 | D:7      | Noticed Squonk's ghost (novice DEVM)
  6433 | D:7      | Killed Squonk's ghost
  6660 | D:8      | Learned a level 3 spell: Spectral Weapon
  6708 | D:8      | Found a sparkling altar of Nemelex Xobeh.
  6718 | D:8      | Reached skill level 5 in Dodging
  6791 | D:8      | Noticed Harold
  6807 | D:8      | Killed Harold
  6807 | D:8      | Reached skill level 6 in Dodging
  6807 | D:8      | Reached skill level 5 in Spellcasting
  6916 | D:8      | Got a pitted ring mail
  6927 | D:8      | Identified the +2 ring mail of Amelioration {rElec rC+ MR+
                  | Int+3} (You found it on level 8 of the Dungeon)
  7057 | D:8      | Found Vuitat's Distillery.
  7060 | D:8      | Bought a potion of agility for 60 gold pieces
  7060 | D:8      | Bought a potion of agility for 60 gold pieces
  7060 | D:8      | Bought a potion of agility for 60 gold pieces
  7060 | D:8      | Bought a potion of heal wounds for 75 gold pieces
  7060 | D:8      | Bought a potion of resistance for 150 gold pieces
  7198 | D:8      | Gained mutation: You are frail. (-10% HP) [potion of
                  | mutation]
  7198 | D:8      | Gained mutation: You tend to lose your temper in combat.
                  | [potion of mutation]
  7198 | D:8      | Gained mutation: You are weak. (Str -2) [potion of
                  | mutation]
  7198 | D:8      | Gained mutation: You evolve. [potion of mutation]
  7649 | D:8      | Gained mutation: You have a pair of horns on your head.
                  | [demonic ancestry]
  7649 | D:8      | Reached XP level 10. HP: 63/63 MP: 17/17
  7835 | D:8      | Gained mutation: You can translocate small distances at
                  | will. [evolution]
  7989 | D:8      | Found a burning altar of Makhleb.
  8326 | D:9      | Reached skill level 7 in Dodging
  8362 | D:9      | Found a sparkling altar of Nemelex Xobeh.
  8452 | D:9      | Noticed a tengu warrior
  8452 | D:9      | Noticed a tengu warrior
  8518 | D:8      | HP: 1/63 [tengu warrior/+0 war axe (5)]
  8524 | D:8      | Killed a tengu warrior
  8524 | D:8      | Reached skill level 5 in Armour
  8870 | D:9      | Killed a tengu warrior
  8920 | D:9      | Reached skill level 8 in Dodging
  9018 | D:9      | Lost mutation: You are frail. (-10% HP) [evolution]
  9119 | D:9      | Found a staircase to the Orcish Mines.
  9675 | D:9      | Found a staircase to the Lair.
  9947 | D:10     | Entered Level 10 of the Dungeon
  9982 | D:10     | Reached skill level 9 in Dodging
  9997 | D:10     | Killed an unseen horror
  9997 | D:10     | Gained mutation: You regenerate health from kills. [demonic
                  | ancestry]
  9997 | D:10     | Reached XP level 11. HP: 52/77 MP: 18/18
 10105 | D:10     | Noticed Joseph
 10115 | D:10     | Killed Joseph
 10154 | D:10     | Found Kurar's Changing Room.
 10389 | D:10     | Learned a level 2 spell: Throw Frost
 10748 | D:11     | Killed an unseen horror
 10964 | D:11     | Noticed a skeletal warrior
 10965 | D:11     | Noticed a skeletal warrior
 10965 | D:11     | Noticed a skeletal warrior
 11370 | D:9      | Killed a skeletal warrior
 11922 | Orc:1    | Entered Level 1 of the Orcish Mines
 11922 | Orc:1    | Noticed an orc warlord
 12021 | D:8      | Gained mutation: You are clumsy. (Dex -2) [evolution]
 12334 | D:11     | Reached skill level 10 in Dodging
 12395 | D:11     | Killed a skeletal warrior
 12487 | D:11     | Noticed a two-headed ogre
 12532 | D:11     | Killed a two-headed ogre
 12868 | D:11     | Killed an unseen horror
 12868 | D:11     | Reached skill level 5 in Fighting
 13316 | D:12     | Noticed a centaur warrior
 13324 | D:12     | Killed a centaur warrior
 13324 | D:12     | Reached skill level 10 in Long Blades
 13353 | D:12     | Reached skill level 11 in Dodging
 13353 | D:12     | Gained mutation: You have a pair of large horns on your
                  | head. [demonic ancestry]
 13353 | D:12     | Reached XP level 12. HP: 71/87 MP: 19/19
 13410 | D:12     | Noticed Psyche
 13420 | D:12     | HP: 1/87 [acid (14)]
 13667 | D:12     | Killed Psyche
 13882 | D:12     | Noticed a two-headed ogre
 13884 | D:12     | Noticed a catoblepas
 14183 | D:11     | HP: 2/87 [catoblepas (8)]
 14184 | D:11     | Slain by a catoblepas

Skill      XL: |  1  2  3  4  5  6  7  8  9 10 11 |
---------------+----------------------------------+-----
Armour         | 1 2 3 4 6 7 |  7.0
Long Blades    | 2 3 4 5 7 9 10 | 10.1
Dodging        | 2 3 4 6 9 11 | 11.2
Fighting       | 3 4 5 |  5.9
Charms         | 3 4 |  4.7
Spellcasting   | 3 4 5 |  5.3

Action                   |  1- 3 |  4- 6 |  7- 9 | 10-12 || total
-------------------------+-------+-------+-------+-------++-------
Melee: Falchion          |   105 |       |       |       ||   105
       Headbutt          |    15 |     9 |    36 |    82 ||   142
       Great sword       |       |    49 |   187 |   389 ||   625
 Cast: Song of Slaying   |       |     1 |     8 |    22 ||    31
       Shroud of Golubri |       |     1 |     6 |    40 ||    47
       Ozocubu's Armour  |       |       |     4 |    22 ||    26
       Regeneration      |       |       |     3 |    17 ||    20
       Infusion          |       |       |     3 |     2 ||     5
       Spectral Weapon   |       |       |     2 |     8 ||    10
       Throw Frost       |       |       |       |    15 ||    15
Invok: Potion Petition   |       |       |       |     1 ||     1
 Abil: Blink             |       |       |       |     9 ||     9
  Use: Scroll            |       |     1 |       |       ||     1
       Potion            |       |       |    10 |     5 ||    15
 Stab: Sleeping          |     1 |       |       |       ||     1
       Confused          |       |       |     1 |       ||     1
       Distracted        |       |       |       |     2 ||     2
       Petrified         |       |       |       |     3 ||     3
  Eat: Chunk             |     3 |     3 |     5 |       ||    11
       Ration            |       |       |     3 |     9 ||    12
Armor: Leather armour    |    36 |     9 |    32 |   175 ||   252
       Scale mail        |       |     4 |    57 |       ||    61
       Ring mail         |       |       |    12 |    13 ||    25
Dodge: Dodged            |    76 |    29 |   113 |   380 ||   598
       Rpst.: Falchion   |    23 |       |       |       ||    23
       Great sword       |       |     7 |    28 |   107 ||   142
